 Dungeon Crawl Stone Soup version 0.30.0-30-g96aa6591b8 (webtiles) character file.

Game seed: 17998978884799735183

1060 AgateBread the Grasshopper (level 8, 0/72 HPs)
             Began as an Armataur Warper on June 28, 2023.
             Slain by an iguana (2 damage)
             ... on level 6 of the Dungeon.
             The game lasted 00:24:56 (6081 turns).

AgateBread the Grasshopper (Armataur Warper)        Turns: 6081, Time: 00:24:56

Health: 0/72       AC:  4    Str: 16      XL:     8   Next: 6%
Magic:  8/10       EV:  9    Int: 14      God:
Gold:   266        SH:  0    Dex: 11 (12) Spells: 4/10 levels left

rFire   . . .        c - +2 scimitar
rCold   . . .        (no shield)
rNeg    . . .        b - +0 leather armour
rPois   .            (no helmet)
rElec   .            (no cloak)
rCorr   +            (no gloves)
SInv    .            (no barding)
Will    .....        (no amulet)
Stlth   +            l - ring of resist corrosion
HPRegen 0.32/turn    (no ring)
MPRegen 0.12/turn

%: roll
@: lethally poisoned (0 -> -46), on blink cooldown
A: large, rugged brown scales 3, deformed body, armoured tail, roll, long
tongue, awkward tongue
a: no special abilities


You were on level 6 of the Dungeon.
You visited 1 branch of the dungeon, and saw 6 of its levels.
You also visited: Ossuary.

You collected 266 gold pieces.

Inventory:

Hand Weapons
 a - a +0 falchion
 c - a +2 scimitar (weapon)
 g - a +1 great sword
 j - a +0 rapier
 y - a +1 dagger of holy wrath
Missiles
 d - 5 boomerangs of dispersal
 p - 3 boomerangs
 s - 3 poisoned darts
Armour
 b - a +0 leather armour (worn)
 q - a +0 chain mail
 x - a +0 scale mail
 z - a +0 tower shield
 A - a +0 ring mail
 C - a +0 pair of gloves
Magical Staves
 B - the staff of cold "Savvisk" {rC+ Dex+3}
   (You found it on level 3 of the Dungeon)

   [staff of cold]

   Base accuracy: +5 Base damage: 5 Base attack delay: 1.2 This weapon's minimum
   attack delay (0.6) is reached at skill level 12.
   Dex:       It affects your dexterity (+3).
   rC:        It protects you from cold.
   It falls into the 'Staves' category.
   It is a one-handed weapon.
Jewellery
 l - a ring of resist corrosion (left hand)
Scrolls
 h - 3 scrolls of fear
 n - a scroll of torment
 t - 2 scrolls of magic mapping
 v - 4 scrolls of teleportation
Potions
 e - a potion of berserk rage
 f - 4 potions of curing
 i - 2 potions of cancellation
 k - a potion of ambrosia
 m - a potion of might {unknown}
 r - 2 potions of brilliance
 u - a potion of magic {unknown}
 D - a potion of haste {unknown}
 E - a potion of flight {unknown}
 F - a potion of invisibility {unknown}


   Skills:
 + Level 5.2 Fighting
 + Level 5.2 Long Blades
 - Level 0.8 Throwing
 - Level 1.2 Armour
 - Level 1.3 Dodging
 + Level 1.2 Shields
 - Level 1.7 Spellcasting
 - Level 6.0 Translocations


You had 4 spell levels left.
You knew the following spells:

 Your Spells              Type           Power      Damage    Failure   Level
a - Blink                 Tloc           36%        N/A       3%          2
b - Manifold Assault      Tloc           18%        N/A       26%         4

Your spell library contained the following spells:

 Spells                   Type           Power      Damage    Failure   Level
 Lesser Beckoning         Tloc           36%        N/A       3%          2
 Teleport Other           Tloc           18%        N/A       8%          3
 Vhi's Electric Charge    Tloc/Air       18%        N/A       26%         3


Dungeon Overview and Level Annotations

Branches:
Dungeon (7/15)            Ossuary (visited)
 Temple: D:4-7

Altars:
Uskayaw
Xom

Shops:
D:2 (

Annotations:
D:4 1 runed translucent door, turdburglar's ghost, amateur MfTm
D:6 Eustachio
D:7 2 transporters, turdburglar's ghost, novice HOFi


Innate Abilities, Weirdness & Mutations

You are completely covered in rugged brown scales. (AC +3, +7% HP)
Armour fits poorly on your strangely shaped body.
You have a long armoured tail.
You roll when moving toward enemies. (Rampage)
Your long tongue fully drains potion bottles. (2x potion effects)
Your tongue gives you trouble enunciating. (1.5x scroll delay)


Message History

The river rat looks even sicker.
You kill the river rat!
The river rat's corpse disappears in a puff of smoke!
The shadow imp barely misses you.
The crimson imp hits you but does no damage.
The quasit bites you but does no damage.
The quasit barely misses you. The quasit claws you.
Casting: Blink (safe; 3% risk of failure)
Press: ? - help, Q - select action, (/) - cycle Dir - look around, f - activate You blink.
You are engulfed in poison gas.
You are poisoned.
You feel very sick.
The shadow imp disappears in a puff of smoke!
The crimson imp blinks!
Eustachio utters an oath, "I will die for my friends!"
You are engulfed in poison gas.
You are more poisoned.
You feel extremely sick. As you open the door, it creaks loudly!
An iguana comes into view.
You are engulfed in poison gas.
You are lethally poisoned!
You feel extremely sick.
The iguana hisses angrily.
You hit the iguana.
You tail-slap the iguana, but do no damage.
The iguana is lightly wounded.
You are engulfed in poison gas.
You are more poisoned.
* * * LOW HITPOINT WARNING * * *
x2 You feel extremely sick.
The quasit misses you.
The quasit claws you but does no damage.
The quasit claws you.
* * * LOW HITPOINT WARNING * * *
You feel clumsy. The quasit barely misses you. The quasit claws you.
* * * LOW HITPOINT WARNING * * *
The quasit claws you but does no damage.
The iguana bites you.
You die...

#........#..#............
#........#'##............
######○§☼.§☼°#########+#
#..#§○☼§☼☼§# #..#§°○°§°.#
#..☼°.§§☼☼☼# #..#○°○○○☼§#
#..#☼§°§§§.+ #.##.§55@.☼#
###☼.§☼#l### #°.°.#..
#.☼..#... #☼Sb.#...#
#....'...# #....##..#
#.@... ### #..r...


You could see an iguana, a quasit (summoned) and a crimson imp (summoned).

Vanquished Creatures
  Sigmund (D:3)
  2 scorpions
  5 wights
  A water moccasin zombie (Ossuary)
  3 bullfrog zombies (Ossuary)
  2 centaur zombies (Ossuary)
  Jessica (D:3)
  An iguana (D:4)
  Natasha (D:3)
  A scorpion zombie (Ossuary)
  2 orc wizards (D:3)
  An adder (D:4)
  A gnoll (D:3)
  6 adder zombies (Ossuary)
  A worm (D:4)
  3 dart slugs
  7 orcs
  8 ball pythons
  6 bats
  8 endoplasms
  2 giant cockroaches (D:4)
  8 goblins
  7 hobgoblins
  4 jackals (D:2)
  2 quokkas (D:2)
  2 gnoll zombies (Ossuary)
  2 goblin zombies (Ossuary)
  2 hobgoblin zombies (Ossuary)
  11 kobolds
  3 orc zombies (Ossuary)
  7 rats
111 creatures vanquished.

Notes
Turn   | Place    | Note
-------+----------+-------------------------------------------
     0 | D:1      | AgateBread the Armataur Warper began the quest for the Orb.
     0 | D:1      | Reached XP level 1. HP: 18/18 MP: 3/3
   253 | D:1      | Reached XP level 2. HP: 21/25 MP: 4/4
  1240 | D:2      | Reached XP level 3. HP: 30/31 MP: 5/5
  1333 | D:2      | Found Seyjulie's Weapon Shoppe.
  1361 | D:2      | Learned a level 2 spell: Blink
  2016 | D:3      | Identified the staff of cold "Savvisk" {rC+ Dex+3}
  2178 | D:3      | Reached XP level 4. HP: 25/39 MP: 6/6
  2305 | D:3      | Reached skill level 4 in Translocations
  2835 | D:3      | Noticed Jessica
  2844 | D:3      | Killed Jessica
  2845 | D:3      | Reached XP level 5. HP: 48/48 MP: 7/7
  2874 | D:3      | Learned a level 4 spell: Manifold Assault
  2935 | D:3      | Noticed Natasha
  2946 | D:3      | Killed Natasha
  3133 | D:3      | Noticed Sigmund
  3141 | D:3      | Killed Sigmund
  3142 | D:3      | Reached XP level 6. HP: 51/55 MP: 8/8
  3250 | D:4      | Found a sand-covered staircase.
  3289 | Ossuary  | Entered an ossuary
  3420 | Ossuary  | Reached skill level 5 in Translocations
  3588 | Ossuary  | Reached XP level 7. HP: 40/63 MP: 9/9
  4363 | Ossuary  | Noticed a silent spectre
  5064 | D:3      | Reached skill level 5 in Fighting
  5064 | D:3      | Reached skill level 5 in Long Blades
  5064 | D:3      | Reached skill level 6 in Translocations
  5356 | D:4      | Reached skill level 1 in Shields
  5356 | D:4      | Reached XP level 8. HP: 46/71 MP: 10/10
  5641 | D:4      | Noticed a +0 short sword
  5641 | D:4      | Noticed a +0 short sword
  5642 | D:4      | Noticed a +0 spear
  5642 | D:4      | Noticed a +0 falchion
  5643 | D:4      | Noticed a +0 dagger
  5643 | D:4      | Noticed a +0 dagger
  5643 | D:4      | Noticed a +0 falchion
  5644 | D:4      | Noticed a +0 spear
  5661 | D:4      | Found a hide-covered altar of Uskayaw.
  5710 | D:4      | Noticed turdburglar's ghost (amateur MfTm)
  5711 | D:4      | Found a runed translucent door.
  5885 | D:4      | You fall into a shaft and drop 3 floors!
  5904 | D:7      | Noticed an efreet
  5905 | D:7      | Found a transporter.
  5907 | D:7      | Found a transporter.
  5907 | D:7      | Noticed turdburglar's ghost (novice HOFi)
  5991 | D:6      | Found a shimmering altar of Xom.
  5992 | D:6      | Found a shimmering altar of Xom.
  6036 | D:6      | Noticed Eustachio
  6046 | D:6      | HP: 3/72 [poisoned by Eustachio]
  6081 | D:6      | HP: 3/72 [quasit[Eustachio] (1)]
  6081 | D:6      | Slain by an iguana

Illustrated notes

Levels and vault maps discovered:
D:1:      evilmike_arrival_hilbert_curve, layout_basic
D:2:      layout_rooms, serial_shops, shop, kennysheep_cross_room
D:3:      cheibrodos_old_hovel, layout_loops_corners, uniq_jessica,
          uniq_natasha, uniq_sigmund
D:4:      layout_basic, nicolae_uskayaw_en_pointe,
          hellmonk_ghost_happy_afterlife, nicolae_ossuary_entry_false_entrances,
          uniq_blork_the_orc
D:6:      layout_gridville, xom_redecorated, mainiacjoe_overflow_boulevard,
          uniq_eustachio
D:7:      layout_basic, temple_fountains, gammafunk_ghost_arena,
          kennysheep_big_empty_room, uniq_crazy_yiuf_cottage

Skill      XL: |  1  2  3  4  5  6  7 |
---------------+----------------------+-----
Fighting       | 2 3 4 5 |  5.2
Long Blades    | 2 3 4 5 |  5.2
Translocations | 4 5 6 |  6.0
Shields        | 1 |  1.2
Throwing       | |  0.8
Armour         | |  1.2
Dodging        | |  1.3
Spellcasting   | |  1.7

Action                     |  1- 3 |  4- 6 |  7- 9 || total
---------------------------+-------+-------+-------++-------
  Melee: Falchion          |   175 |   134 |   138 ||   447
         Tailslap          |    20 |    24 |    19 ||    63
         Punch             |     1 |     1 |     3 ||     5
         Scimitar          |       |       |    20 ||    20
  Throw: Boomerang         |     2 |     4 |     2 ||     8
         Dart              |       |       |     4 ||     4
   Cast: Blink             |       |       |     3 ||     3
  Evoke: Wand              |       |     7 |     2 ||     9
    Use: Scroll            |     4 |     2 |    10 ||    16
         Potion            |       |     3 |     3 ||     6
 Armour: Leather armour    |    83 |    64 |    76 ||   223
  Dodge: Dodged            |    91 |    95 |   112 ||   298
